 Dungeon Crawl Stone Soup version 0.29.0-4-gdea44cf6ec (webtiles) character file.

Game seed: 6138254562508199757

10533 qw the Cleaver (level 11, 0/89 HPs)
             Began as a Formicid Cinder Acolyte on Sept 3, 2022.
             Was an Initiate of Ignis.
             Succumbed to a cane toad's poison
             ... on level 1 of the Lair of Beasts.
             The game lasted 00:05:44 (11856 turns).

qw the Cleaver (Formicid Cinder Acolyte)           Turns: 11856, Time: 00:05:45

Health: 0/89       AC: 23    Str: 29    XL:     11   Next: 94%
Magic:  12/12      EV:  9    Int: 14    God:    Ignis [......]
Gold:   710        SH:  0    Dex: 14    Spells: 12/12 levels left

rFire   + . .      SeeInvis +   Y - +3 war axe (venom)
rCold   . . .      Faith    .   (no shield)
rNeg    . . .      Spirit   .   q - +0 plate armour
rPois   .          Reflect  .   (helmet unavailable)
rElec   .          Harm     .   e - +0 cloak
rCorr   .          Rampage  .   c - +0 pair of gloves
Will    +....                   (no boots)
Stlth   ..........              j - amulet of Ixty {RegenMP Dex+5}
HPRegen 0.24/turn               b - +6 ring of strength
MPRegen 0.53/turn               (no ring)

@: lethally poisoned (0 -> -7), fiery-armoured
A: permanent stasis, dig shafts and tunnels, antennae 3, four strong arms
a: Dig, Shaft Self, Renounce Religion, Rising Flame


You were on level 1 of the Lair of Beasts.
You worshipped Ignis.
Ignis was noncommittal.
You visited 2 branches of the dungeon, and saw 10 of its levels.
You also visited: Ossuary.

You collected 752 gold pieces.
You spent 42 gold pieces at shops.


Innate Abilities, Weirdness & Mutations

You cannot be hasted, slowed, berserked, paralysed or teleported.
You can dig through walls and to a lower floor.
You have a pair of large antennae on your head. (SInv)
Your four strong arms can wield two-handed weapons with a shield.


   Skills:
 - Level 9.0 Fighting
 + Level 13.9 Axes
 - Level 3.0 Throwing
 - Level 8.3 Armour
 - Level 3.1 Dodging
 - Level 1.1 Spellcasting
 - Level 3.0 Fire Magic


You had 12 spell levels left.
You didn't know any spells.
Your spell library contained the following spells:

 Spells                   Type           Power      Damage    Failure   Level
 Scorch                   Fire           18%        2d6       67%         2

Inventory:

Hand Weapons
 h - a +4 dire flail
 Y - a +3 war axe of venom (weapon)
Missiles
 k - 14 silver boomerangs (quivered)
 o - 8 boomerangs
Armour
 c - a +0 pair of gloves (worn)
 e - a +0 cloak (worn)
 q - a +0 plate armour (worn)
Jewellery
 b - a +6 ring of strength (left hand)
 j - the amulet of Ixty (around neck) {RegenMP Dex+5}
   (You took it off an orc on level 7 of the Dungeon)

   [amulet of magic regeneration]

   It increases your rate of magic regeneration.
   Dex:       It affects your dexterity (+5).
Scrolls
 a - a scroll of identify
Potions
 d - a potion of cancellation {unknown}
 g - a potion of mutation
 i - a potion of might
 l - 3 potions of curing
 n - a potion of resistance {unknown}
 p - a potion of berserk rage {unknown}

Dungeon Overview and Level Annotations

Branches:
Dungeon (9/15)             Temple (0/1) D:6            Lair (1/5) D:9
    Orc (0/2) D:9         Ossuary (visited)

Altars:
Fedhas
Gozag
Hepliaklqana
Nemelex Xobeh
Vehumet
Xom

Shops:
D:1 *   D:5 !

Annotations:
D:4 3 runed translucent doors, qw's ghost, novice TrCA


Message History

11849 ||| Stepping ~*~*~tactically~*~*~ (cloud).
You feel sick.
The cane toad stings you but does no damage.
The cane toad is burned by your cloak of flames.
The cane toad is heavily wounded.
You catch the helpless cane toad completely off-guard!
You hit the cane toad.
The cane toad is heavily wounded.
You feel sick. The cane toad barely misses you.
You slash the cane toad!
The cane toad is severely wounded.
You feel sick. The cane toad stings you.
You are more poisoned.
The cane toad poisons you!
The cane toad is burned by your cloak of flames.
The cane toad is severely wounded.
You slash the cane toad!
The cane toad is poisoned.
The cane toad is almost dead.
You hit the catoblepas.
The catoblepas is poisoned.
You feel very sick.
The catoblepas gores you but does no damage.
The cane toad closely misses you.
You slash the cane toad!
You kill the cane toad!
You completely miss the catoblepas.
You feel very sick.
The catoblepas breathes a plume of calcifying dust at you.
The blast of calcifying dust hits you but does no damage.
11854 ||| Stepping ~*~*~tactically~*~*~ (cloud).
You feel very sick. The catoblepas closely misses you.
You see here a cane toad corpse.
You slash the catoblepas!
The catoblepas looks as sick as possible!
The catoblepas is moderately wounded.
You feel sick. The catoblepas gores you!
You slash the catoblepas!
The catoblepas looks as sick as possible!
The catoblepas is heavily wounded.
You die...

....... .......
#..... ## #....
##.P #.... ## ....
#...##.###..###
#...<.#........
##.....%....!..
##....#@.......
#.....Y¤¤¤¤¤¤¤.
#...............
#................
...........>......
..................
#......##........
#...### ##.......
#.. .......


You could see a catoblepas (extremely poisoned).

Vanquished Creatures
  A boulder beetle (D:7)
  3 two-headed ogres
  Pikel (D:8)
  A cane toad (Lair:1)
  A komodo dragon (D:7)
  A troll (D:9)
  A shadow (D:9)
  2 wyverns (D:9)
  14 yaks
  A steam dragon (D:8)
  A water moccasin (D:8)
  An orc warrior (D:5)
  2 black bears
  2 sky beasts
  3 centaurs
  3 phantoms
  4 kobold brigands
  An elf zombie (Ossuary)
  4 bullfrogs
  A scorpion (D:5)
  2 necrophages
  15 wights
  5 killer bees (D:8)
  A howler monkey (D:6)
  4 centaur zombies (Ossuary)
  A human zombie (Ossuary)
  A jelly (D:5)
  3 gnoll boudas
  3 orc priests
  3 hounds
  2 iguanas (D:6)
  10 orc wizards
  2 mummies (Ossuary)
  7 adders
  24 gnolls
  A shadow imp (D:5)
  3 white imps
  An ufetubus (D:3)
  An adder zombie (Ossuary)
  2 worms
  4 dart slugs
  27 orcs
  4 ball pythons (D:4)
  7 endoplasms
  2 giant cockroaches
  5 hobgoblins
  30 kobolds
  2 quokkas (D:2)
  6 bats
  A frilled lizard (D:2)
  10 goblins
  4 goblin zombies (Ossuary)
  5 hobgoblin zombies (Ossuary)
  10 kobold zombies (Ossuary)
  10 orc zombies (Ossuary)
  3 rats
  A rat zombie (Ossuary)
270 creatures vanquished.

Vanquished Creatures (others)
  A cane toad (Lair:1)
1 creature vanquished.

Grand Total: 271 creatures vanquished

Notes
Turn   | Place    | Note
-------+----------+-------------------------------------------
     0 | D:1      | qw the Formicid Cinder Acolyte began the quest for the Orb.
     0 | D:1      | Reached XP level 1. HP: 18/18 MP: 2/2
     0 | D:1      | 0 ||| qw: Version: 0.1-a-102-g441f92d
     0 | D:1      | 0 ||| qw: Game counter: 5132
     0 | D:1      | 0 ||| qw: Always use a shield: true
     0 | D:1      | 0 ||| qw: God list: Okawaru
     0 | D:1      | 0 ||| qw: Allow faded altars: false
     0 | D:1      | 0 ||| qw: Do Orc after D:15 true
     0 | D:1      | 0 ||| qw: Do second Lair branch before Depths: true
     0 | D:1      | 0 ||| qw: Lair rune preference: random
     0 | D:1      | 0 ||| qw: Plans: Normal
     0 | D:1      | 0 ||| PLANNING D:1-11
    59 | D:1      | Found Acikhlu's General Store.
    69 | D:1      | 69 ||| SHOPLISTING +0 pair of boots (54 gold, have 13).
    69 | D:1      | 69 ||| SHOPLISTING scroll of brand weapon (114 gold, have
                  | 13).
   516 | D:1      | Reached XP level 2. HP: 24/24 MP: 3/3
   593 | D:1      | 593 ||| UPGRADING to +0 scale mail.
   603 | D:1      | 603 ||| DROPPING +0 robe.
   604 | D:1      | 604 ||| UPGRADING to +0 cloak.
   609 | D:1      | 609 ||| DROPPING orb of mayhem.
   610 | D:1      | 610 ||| READING scroll labelled HYTAGYR KEHY.
   611 | D:1      | 611 ||| READING scroll labelled QETUIH LELOGI.
   846 | D:2      | Reached skill level 1 in Armour
   934 | D:2      | 934 ||| Stepping ~*~*~tactically~*~*~ (stealth).
   937 | D:2      | 937 ||| Stepping ~*~*~tactically~*~*~ (stealth).
  1030 | D:2      | Reached XP level 3. HP: 26/29 MP: 4/4
  1273 | D:2      | Reached skill level 4 in Axes
  1389 | D:2      | 1389 ||| DROPPING ring of wizardry.
  1390 | D:2      | 1390 ||| DROPPING +6 ring of intelligence.
  1391 | D:2      | 1391 ||| READING scroll labelled DASHYW CEBBIGH.
  1413 | D:2      | 1413 ||| DROPPING +0 club.
  1414 | D:2      | 1414 ||| READING 2 scrolls labelled QIHABR RALIO.
  1415 | D:2      | 1415 ||| READING 2 scrolls of identify.
  1415 | D:2      | 1415 ||| IDENTIFYING white potion
  1416 | D:2      | 1416 ||| DROPPING scroll of amnesia.
  1434 | D:3      | 1434 ||| STAIRDANCE
  1446 | D:2      | Reached XP level 4. HP: 35/35 MP: 5/5
  1548 | D:3      | 1548 ||| STAIRDANCE
  1581 | D:3      | 1581 ||| STAIRDANCE
  1636 | D:2      | 1636 ||| DROPPING +0 whip.
  1642 | D:3      | 1642 ||| STAIRDANCE
  1861 | D:3      | Reached skill level 5 in Axes
  1921 | D:3      | Reached skill level 1 in Dodging
  1921 | D:3      | Reached XP level 5. HP: 30/41 MP: 6/6
  2015 | D:3      | 2015 ||| SWAPPING to +0 war axe.
  2016 | D:3      | 2016 ||| DROPPING -1 hand axe of protection.
  2323 | D:3      | 2323 ||| SWAPPING to +2 war axe of venom.
  2324 | D:3      | 2324 ||| DROPPING +0 war axe.
  2351 | D:3      | 2351 ||| Stepping ~*~*~tactically~*~*~ (hiding).
  2490 | D:3      | 2490 ||| DROPPING scarf of harm.
  2491 | D:3      | 2491 ||| READING scroll labelled MOOK CUUNIKHUITT.
  2492 | D:3      | 2492 ||| READING scroll labelled RERRAD YNWETRO.
  2493 | D:3      | 2493 ||| READING 2 scrolls of identify.
  2493 | D:3      | 2493 ||| IDENTIFYING fuming coppery potion
  2509 | D:4      | 2509 ||| PLANNING OSSUARY
  2535 | D:4      | Found a sand-covered staircase.
  2555 | Ossuary  | Entered an ossuary
  2779 | Ossuary  | 2779 ||| INVOKING Fiery Armour.
  2782 | Ossuary  | Reached XP level 6. HP: 47/47 MP: 7/7
  2788 | Ossuary  | Reached skill level 6 in Axes
  2963 | Ossuary  | Reached XP level 7. HP: 36/55 MP: 8/8
  3117 | Ossuary  | 3117 ||| READING 2 scrolls labelled FOWNAM TILOOCE.
  3118 | Ossuary  | 3118 ||| DRINKING 2 fuming brown potions.
  3119 | Ossuary  | 3119 ||| DROPPING scroll of blinking.
  3120 | Ossuary  | 3120 ||| DROPPING potion of magic.
  3133 | D:4      | 3133 ||| PLANNING D:1-11
  3180 | D:4      | 3180 ||| Stepping ~*~*~tactically~*~*~ (stealth).
  3188 | D:4      | Found a runed translucent gate.
  3188 | D:4      | Found a runed translucent gate.
  3188 | D:4      | Found a runed translucent gate.
  3244 | D:4      | 3244 ||| Stepping ~*~*~tactically~*~*~ (stealth).
  3245 | D:4      | 3245 ||| Stepping ~*~*~tactically~*~*~ (stealth).
  3331 | D:4      | Reached skill level 7 in Axes
  3333 | D:4      | 3333 ||| INVOKING Fiery Armour.
  3824 | D:4      | Noticed qw's ghost (novice TrCA)
  4052 | D:4      | 4052 ||| READING scroll labelled HETEIV KOMOVOS.
  4053 | D:4      | 4053 ||| DRINKING 2 clear potions.
  4068 | D:5      | Entered Level 5 of the Dungeon
  4093 | D:5      | 4093 ||| Stepping ~*~*~tactically~*~*~ (hiding).
  4094 | D:5      | 4094 ||| Stepping ~*~*~tactically~*~*~ (hiding).
  4105 | D:5      | Reached XP level 8. HP: 56/61 MP: 9/9
  4114 | D:5      | 4114 ||| INVOKING Fiery Armour.
  4119 | D:5      | Reached skill level 8 in Axes
  4209 | D:5      | 4209 ||| FLEEEEING.
  4811 | D:5      | Found Peag's Distillery.
  4826 | D:5      | 4826 ||| BUYING potion of curing (42 gold).
  4826 | D:5      | Bought a potion of curing for 42 gold pieces
  4840 | D:5      | 4840 ||| INVOKING Fiery Armour.
  4847 | D:5      | HP: 11/63 [poisoned by an orc warrior]
  4848 | D:5      | 4848 ||| DRINKING 3 potions of heal wounds.
  4852 | D:5      | HP: 14/63 [poisoned by an orc warrior]
  4853 | D:5      | 4853 ||| DRINKING 2 potions of heal wounds.
  5382 | D:5      | 5382 ||| UPGRADING to +0 plate armour.
  5392 | D:5      | 5392 ||| DROPPING +0 scale mail.
  5393 | D:5      | 5393 ||| READING scroll labelled MUHIORGHUTUU.
  5543 | D:5      | 5543 ||| READING scroll labelled WOILLA KETE.
  5587 | D:6      | 5587 ||| Stepping ~*~*~tactically~*~*~ (hiding).
  5588 | D:6      | 5588 ||| Stepping ~*~*~tactically~*~*~ (hiding).
  5589 | D:6      | 5589 ||| Stepping ~*~*~tactically~*~*~ (hiding).
  5590 | D:6      | 5590 ||| Stepping ~*~*~tactically~*~*~ (hiding).
  5659 | D:6      | Reached skill level 3 in Armour
  5662 | D:6      | 5662 ||| Stepping ~*~*~tactically~*~*~ (hiding).
  5701 | D:6      | 5701 ||| Stepping ~*~*~tactically~*~*~ (stealth).
  5703 | D:6      | Reached XP level 9. HP: 66/68 MP: 10/10
  5717 | D:6      | 5717 ||| Stepping ~*~*~tactically~*~*~ (stealth).
  5718 | D:6      | 5718 ||| Stepping ~*~*~tactically~*~*~ (stealth).
  5726 | D:6      | Reached skill level 9 in Axes
  5743 | D:6      | Reached skill level 6 in Fighting
  5743 | D:6      | HP: 17/68 [wight/+2 dagger of electrocution (18)]
  5744 | D:6      | 5744 ||| DRINKING potion of heal wounds.
  5745 | D:6      | 5745 ||| INVOKING Fiery Armour.
  5751 | D:6      | 5751 ||| FLEEEEING.
  5752 | D:6      | 5752 ||| FLEEEEING.
  5753 | D:6      | 5753 ||| FLEEEEING.
  5754 | D:6      | 5754 ||| FLEEEEING.
  5755 | D:6      | 5755 ||| FLEEEEING.
  5756 | D:6      | 5756 ||| FLEEEEING.
  5758 | D:6      | 5758 ||| STAIRDANCE
  5981 | D:6      | 5981 ||| STAIRDANCE
  6056 | D:6      | 6056 ||| Stepping ~*~*~tactically~*~*~ (stealth).
  6057 | D:6      | 6057 ||| FLEEEEING.
  6062 | D:6      | 6062 ||| FLEEEEING.
  6063 | D:6      | 6063 ||| FLEEEEING.
  6073 | D:6      | 6073 ||| STAIRDANCE
  6264 | D:6      | 6264 ||| Stepping ~*~*~tactically~*~*~ (hiding).
  6265 | D:6      | 6265 ||| Stepping ~*~*~tactically~*~*~ (hiding).
  6392 | D:6      | 6392 ||| Stepping ~*~*~tactically~*~*~ (stealth).
  6400 | D:6      | Reached skill level 10 in Axes
  6520 | D:6      | Found a radiant altar of Vehumet.
  6648 | D:6      | Found a staircase to the Ecumenical Temple.
  6702 | D:6      | 6702 ||| UPGRADING to +0 pair of gloves.
  6707 | D:6      | 6707 ||| READING scroll labelled GESTRUPR EHEOM.
  6708 | D:6      | 6708 ||| READING scroll labelled SATSOD IT HOMA.
  6709 | D:6      | 6709 ||| DRINKING 2 fizzy coppery potions.
  6710 | D:6      | 6710 ||| DRINKING 2 dark potions.
  6711 | D:6      | 6711 ||| READING 2 scrolls of identify.
  6711 | D:6      | 6711 ||| IDENTIFYING glowing grey potion
  6712 | D:6      | 6712 ||| DROPPING potion of flight.
  6713 | D:6      | 6713 ||| DROPPING potion of attraction.
  6714 | D:6      | 6714 ||| Stepping randomly (stuck).
  6715 | D:6      | 6715 ||| Stepping ~*~*~tactically~*~*~ (cloud).
  6886 | D:7      | Noticed a komodo dragon
  6888 | D:7      | 6888 ||| Stepping ~*~*~tactically~*~*~ (hiding).
  6892 | D:7      | HP: 17/69 [komodo dragon (24)]
  6893 | D:7      | 6893 ||| INVOKING Fiery Armour.
  6894 | D:7      | Killed a komodo dragon
  6895 | D:7      | Reached skill level 6 in Armour
  7259 | D:7      | Noticed a boulder beetle
  7262 | D:7      | Found a sparkling altar of Nemelex Xobeh.
  7266 | D:7      | 7266 ||| INVOKING Fiery Armour.
  7280 | D:7      | HP: 9/71 [boulder beetle (17)]
  7283 | D:7      | Killed a boulder beetle
  7284 | D:7      | Reached XP level 10. HP: 7/82 MP: 11/11
  7794 | D:7      | Found an opulent altar of Gozag.
  7826 | D:7      | Found a blossoming altar of Fedhas.
  7912 | D:7      | Identified the amulet of Ixty {RegenMP Dex+5}
  7953 | D:7      | 7953 ||| Stepping ~*~*~tactically~*~*~ (hiding).
  7955 | D:7      | 7955 ||| Stepping ~*~*~tactically~*~*~ (hiding).
  7957 | D:7      | 7957 ||| Stepping ~*~*~tactically~*~*~ (stealth).
  7964 | D:7      | 7964 ||| Stepping ~*~*~tactically~*~*~ (stealth).
  7966 | D:7      | 7966 ||| Stepping ~*~*~tactically~*~*~ (hiding).
  7969 | D:7      | 7969 ||| DRINKING 3 potions of curing.
  7969 | D:7      | 7969 ||| (to cure confusion)
  7972 | D:7      | 7972 ||| INVOKING Fiery Armour.
  7979 | D:7      | 7979 ||| FLEEEEING.
  7980 | D:7      | 7980 ||| FLEEEEING.
  7981 | D:7      | 7981 ||| FLEEEEING.
  7982 | D:7      | 7982 ||| FLEEEEING.
  7983 | D:7      | 7983 ||| FLEEEEING.
  7984 | D:7      | 7984 ||| FLEEEEING.
  7985 | D:7      | 7985 ||| FLEEEEING.
  7986 | D:7      | 7986 ||| FLEEEEING.
  7987 | D:7      | 7987 ||| FLEEEEING.
  7988 | D:7      | 7988 ||| FLEEEEING.
  7992 | D:7      | 7992 ||| FLEEEEING.
  7993 | D:7      | 7993 ||| FLEEEEING.
  8140 | D:7      | 8140 ||| UPGRADING to amulet of Ixty {RegenMP Dex+5}.
  8145 | D:7      | 8145 ||| READING scroll labelled YNUPHE CURI.
  8146 | D:7      | 8146 ||| READING scroll labelled AJOFRI UMISON.
  8147 | D:7      | 8147 ||| READING 3 scrolls of identify.
  8147 | D:7      | 8147 ||| IDENTIFYING lumpy amethyst potion
  8148 | D:7      | 8148 ||| READING 2 scrolls of identify.
  8148 | D:7      | 8148 ||| IDENTIFYING bubbling orange potion
  8149 | D:7      | 8149 ||| DROPPING potion of brilliance.
  8150 | D:7      | 8150 ||| DROPPING potion of invisibility.
  8174 | D:8      | 8174 ||| STAIRDANCE
  8209 | D:8      | 8209 ||| STAIRDANCE
  8214 | D:7      | 8214 ||| INVOKING Fiery Armour.
  8410 | D:8      | 8410 ||| STAIRDANCE
  8416 | D:7      | Reached skill level 11 in Axes
  8570 | D:8      | Noticed a two-headed ogre
  8580 | D:8      | Killed a two-headed ogre
  8821 | D:8      | 8821 ||| Stepping ~*~*~tactically~*~*~ (stealth).
  8977 | D:8      | 8977 ||| INVOKING Fiery Armour.
  9252 | D:8      | Noticed a two-headed ogre
  9260 | D:8      | Killed a two-headed ogre
  9261 | D:8      | Reached skill level 12 in Axes
  9261 | D:8      | Reached XP level 11. HP: 75/87 MP: 12/12
  9331 | D:8      | Noticed Pikel
  9338 | D:8      | Killed Pikel
  9355 | D:8      | 9355 ||| FLEEEEING.
  9356 | D:8      | 9356 ||| FLEEEEING.
  9357 | D:8      | 9357 ||| FLEEEEING.
  9358 | D:8      | 9358 ||| FLEEEEING.
  9359 | D:8      | 9359 ||| FLEEEEING.
  9360 | D:8      | 9360 ||| FLEEEEING.
  9361 | D:8      | 9361 ||| FLEEEEING.
  9420 | D:8      | 9420 ||| DROPPING +0 flail.
  9425 | D:8      | 9425 ||| INVOKING Fiery Armour.
  9804 | D:8      | 9804 ||| Stepping ~*~*~tactically~*~*~ (stealth).
  9806 | D:8      | 9806 ||| Stepping ~*~*~tactically~*~*~ (stealth).
  9820 | D:8      | 9820 ||| Stepping ~*~*~tactically~*~*~ (stealth).
  9833 | D:8      | Reached skill level 13 in Axes
  9833 | D:8      | 9833 ||| FLEEEEING.
  9834 | D:8      | 9834 ||| FLEEEEING.
  9835 | D:8      | 9835 ||| FLEEEEING.
  9836 | D:8      | 9836 ||| FLEEEEING.
  9839 | D:8      | 9839 ||| FLEEEEING.
  9840 | D:8      | 9840 ||| FLEEEEING.
  9841 | D:8      | 9841 ||| FLEEEEING.
  9842 | D:8      | 9842 ||| FLEEEEING.
  9843 | D:8      | 9843 ||| FLEEEEING.
  9844 | D:8      | 9844 ||| FLEEEEING.
  9845 | D:8      | 9845 ||| FLEEEEING.
  9846 | D:8      | 9846 ||| FLEEEEING.
  9847 | D:8      | 9847 ||| FLEEEEING.
  9848 | D:8      | 9848 ||| FLEEEEING.
  9849 | D:8      | 9849 ||| STAIRDANCE
  9993 | D:7      | 9993 ||| DROPPING amulet of the acrobat.
  9994 | D:7      | 9994 ||| UPGRADING to +6 ring of strength.
  9995 | D:7      | 9995 ||| READING 2 scrolls of identify.
  9995 | D:7      | 9995 ||| IDENTIFYING viscous puce potion
  9996 | D:7      | 9996 ||| DROPPING potion of degeneration.
 10066 | D:8      | Reached skill level 3 in Dodging
 10071 | D:8      | Reached skill level 9 in Fighting
 10727 | D:9      | Noticed a two-headed ogre
 10734 | D:9      | Killed a two-headed ogre
 10790 | D:9      | 10790 ||| Stepping ~*~*~tactically~*~*~ (stealth).
 10842 | D:9      | Found a hazy altar of Hepliaklqana.
 10900 | D:9      | Found a shimmering altar of Xom.
 11084 | D:9      | 11084 ||| Stepping ~*~*~tactically~*~*~ (hiding).
 11086 | D:9      | 11086 ||| Stepping ~*~*~tactically~*~*~ (hiding).
 11163 | D:9      | Found a flagged portal.
 11394 | D:9      | Reached skill level 3 in Throwing
 11425 | D:9      | Found a staircase to the Lair.
 11487 | D:9      | Found a staircase to the Orcish Mines.
 11557 | D:9      | 11557 ||| INVOKING Fiery Armour.
 11799 | D:9      | 11799 ||| PLANNING LAIR
 11799 | D:9      | 11799 ||| DROPPING amulet of regeneration.
 11835 | Lair:1   | Entered Level 1 of the Lair of Beasts
 11835 | Lair:1   | Noticed a catoblepas
 11836 | Lair:1   | 11836 ||| Stepping ~*~*~tactically~*~*~ (hiding).
 11837 | Lair:1   | 11837 ||| INVOKING Fiery Armour.
 11847 | Lair:1   | 11847 ||| Stepping ~*~*~tactically~*~*~ (cloud).
 11848 | Lair:1   | 11848 ||| Stepping ~*~*~tactically~*~*~ (cloud).
 11849 | Lair:1   | 11849 ||| Stepping ~*~*~tactically~*~*~ (cloud).
 11853 | Lair:1   | HP: 22/89 [poisoned by a cane toad]
 11854 | Lair:1   | 11854 ||| Stepping ~*~*~tactically~*~*~ (cloud).
 11855 | Lair:1   | HP: 1/89 [catoblepas (17)]
 11856 | Lair:1   | Succumbed to a cane toad's poison

Levels and vault maps discovered:
D:1:      minmay_arrival_statue_studded, layout_basic, serial_shops,
          nicolae_square_shop
D:2:      layout_rooms
D:3:      layout_basic
D:4:      layout_loops_cross, gammafunk_ghost_icy, enter_ossuary_2
D:5:      layout_loops_ring, serial_shops, nicolae_shop_trees,
          guppyfry_early_orc_mine
D:6:      layout_cave_pools, vehumet_altar_wand_db, minmay_temple_entry_fiery
D:7:      layout_basic, mainiacjoe_overflow_24_doors,
          mainiacjoe_overflow_two_lobes, corner_web_ring
D:8:      layout_cave_pods, hangedman_abyss_or_decor_passed, uniq_pikel
D:9:      layout_gridville, marbit_many_paths, lemuel_doored_altar,
          lair_entry_dummy, orc_0_dummy, enter_bailey_4,
          minmay_unpleasant_kobolds
Lair:1:   layout_gridlike

Skill      XL: |  1  2  3  4  5  6  7  8  9 10 11 |
---------------+----------------------------------+-----
Armour         | 1 2 4 6 7 8 |  8.3
Axes           | 4 5 6 7 8 10 12 13 | 13.9
Dodging        | 1 2 3 |  3.1
Fighting       | 4 5 8 9 |  9.0
Throwing       | 2 3 |  3.0
Spellcasting   | |  1.1
Fire Magic     | |  3.0

Action                   |  1- 3 |  4- 6 |  7- 9 | 10-12 || total
-------------------------+-------+-------+-------+-------++-------
Melee: Hand axe          |    79 |    68 |       |       ||   147
       Punch             |     1 |       |     3 |     6 ||    10
       War axe           |       |   108 |   228 |   200 ||   536
Throw: Boomerang         |       |       |    33 |    75 ||   108
Invok: Fiery Armour      |       |     1 |     6 |     6 ||    13
  Use: Scroll            |     5 |     3 |     7 |     5 ||    20
       Potion            |       |       |     7 |     1 ||     8
 Stab: Petrifying        |       |       |       |     1 ||     1
Armor: Scale mail        |    40 |   116 |    53 |       ||   209
       Plate armour      |       |       |    85 |   121 ||   206
Dodge: Dodged            |    40 |    86 |    87 |    74 ||   287

Table legend:
 A = Non-vault XP
 B = Vault XP
 C = Vault XP percentage of total XP
 D = Non-vault monster count
 E = Vault monster count
 F = Vault count percentage of total count
                 A         B        C        D         E       F
            +---------+---------+-------+---------+---------+-------
      Total |   13458 |    1590 |  10.6 |     211 |      60 |  22.1
            +---------+---------+-------+---------+---------+-------
        D:1 |       9 |       0 |   0.0 |       5 |       0 |   0.0
        D:2 |     104 |       0 |   0.0 |      24 |       0 |   0.0
        D:3 |      90 |       0 |   0.0 |      17 |       0 |   0.0
        D:4 |     172 |       0 |   0.0 |      19 |       0 |   0.0
        D:5 |     879 |     221 |  20.1 |      21 |       7 |  25.0
        D:6 |    1277 |       1 |   0.1 |      29 |       1 |   3.3
        D:7 |    2901 |       0 |   0.0 |      36 |       0 |   0.0
        D:8 |    4325 |     641 |  12.9 |      39 |       1 |   2.5
        D:9 |    2897 |     328 |  10.2 |      19 |      12 |  38.7
     Lair:1 |     804 |       0 |   0.0 |       2 |       0 |   0.0
    Ossuary |       0 |     399 | 100.0 |       0 |      39 | 100.0
            +---------+---------+-------+---------+---------+-------
